Get step-by-step instructions on how to execute this build order below. Start the game timer, and the build order will tick by so you can play in parallel with StarCraft on a second screen or mobile device.

Game Time

  0:00

Last Step

  N/A

Next Step

  12  0:00  SCV  

Upcoming Step

  13  0:13  SCV  

Don't want to look back and forth between 2 screens? Try out our Overwolf App, the Spawning Tool Build Advisor to get an in-game overlay with this build!

Complete Build Order

  12  0:00  SCV  
  13  0:13  SCV  
  14  0:18  Supply Depot  
  14  0:25  SCV  
  15  0:30  Refinery  
  15  0:42  Barracks  
  15  0:45  SCV  
  16  0:58  Refinery  
  16  0:59  SCV  
  17  1:11  SCV  
  18  1:23  SCV  
  19  1:29  Barracks Reactor  
  19  1:37  Factory  
  19  1:42  Orbital Command  
  19  1:53  Supply Depot  
  19  2:06  Reaper x2  
  21  2:09  SCV  
  22  2:22  Hellion  
  24  2:23  SCV  
  25  2:32  Supply Depot  
  25  2:35  SCV  
  26  2:38  Reaper x2  
  26  2:44  Hellion  
  30  2:57  SCV  
  31  3:07  Command Center  
  31  3:09  Factory Tech Lab  
  31  3:20  Starport  
  31  3:28  Cyclone  
  31  3:32  SCV  
  35  3:57  Viking  
  35  3:58  Viking  
  39  4:13  Supply Depot  
  37  4:18  Siege Tank  
  40  4:28  Orbital Command  
  41  4:32  Refinery  
  41  4:34  Viking  
  41  4:35  Viking  
  44  4:40  SCV  
  45  4:46  Refinery  
  45  4:50  Siege Tank  
  48  4:53  SCV  
  49  5:08  Liberator  
  49  5:09  SCV x2  
  54  5:21  SCV x2  
  54  5:23  Siege Tank  
  59  5:44  Viking  
  59  5:47  SCV  
  62  5:51  Barracks Reactor, Starport  
  62  5:54  SCV  
  63  6:31  Viking x2  
  63  6:32  Siege Tank  
  69  6:59  SCV x2  
  66  7:04  Viking x2  
  70  7:09  Supply Depot  
  70  7:10  Barracks Tech Lab  
  70  7:26  SCV x2  
  70  7:27  Viking x2  
  70  7:31  Siege Tank  
  73  7:37  Factory  
  73  7:42  Viking x2  
  72  8:13  Viking x2  
  76  8:33  SCV x2  
  78  8:39  Supply Depot  
  78  8:41  Supply Depot  
  78  8:42  Command Center, Supply Depot  
  78  8:46  SCV  
  77  8:56  SCV  
  77  8:58  SCV  
  77  8:59  Siege Tank  
  81  9:08  SCV  
  86  9:10  SCV